AoeStats
← RoR | Vodka_L_2

Arabia

510304877Analyzed
1v1 RM · 1d ago on Sep 30, 2026· 35m 15s· 2 players
Game mode
Random Map
Map size
Tiny (2 player)
Population
200
Speed
Normal
Resources
Standard
Victory
Conquest
Starting age
Dark Age
Ending age
Imperial Age
RankedLock teamsTeams togetherTeam positionsShared explorationLock speedFull tech treeHidden civsTurbo modeCheats
Victory
Defeat
🇮🇹 Armenians · Italy
2500
+8
🇩🇪 Bulgarians · Germany
2310
-8
RoR | Vodka_L_2
6:34 Loom
9:10 Feudal Age
9:17 Man-at-Arms
11:01 Double-Bit Axe
19:05 Castle Age
17:38 Fletching
17:41 Gold Mining
17:51 Horse Collar
19:10 Crossbowman
19:58 Bodkin Arrow
21:45 Bow Saw
24:18 Town Watch
25:08 Sanctity
25:32 Scale Barding Armor
26:39 Bloodlines
28:15 Stone Mining
30:13 Fervor
30:53 Wheelbarrow
31:47 Ballistics
35:09 Imperial Age
34:18 Hand Cart
34:28 Heavy Plow
35:51 Bracer
36:53 Chemistry
Valle
6:35 Loom
9:11 Feudal Age
9:58 Double-Bit Axe
19:26 Castle Age
17:30 Padded Archer Armor
17:25 Horse Collar
18:08 Fletching
18:55 Scale Barding Armor
19:19 Bloodlines
19:27 Elite Skirmisher
20:55 Wheelbarrow
21:23 Leather Archer Armor
21:05 Bodkin Arrow
21:47 Leather Archer Armor
23:59 Husbandry
26:01 Bow Saw
29:24 Town Watch
30:15 Chain Barding Armor
30:35 Light Cavalry
Connection lost

Rejoining the realm…

Still unreachable

The connection could not be restored.

Session expired

The server has moved on; the page needs a fresh start.